 Dungeon Crawl Stone Soup version 0.30-a0-782-ge64f9170bb (webtiles) character file.

Game seed: 16744436211936991793

44 mopl the Magician (level 3, -1/24 HPs)
             Began as a Mummy Fire Elementalist on Mar 17, 2023.
             Slain by Terence
             ... wielding a +1 heavy mace
              (6 damage)
             ... on level 2 of the Dungeon.
             The game lasted 00:02:37 (1264 turns).

mopl the Magician (Mummy Fire Elementalist)         Turns: 1264, Time: 00:02:38

Health: -1/24      AC:  3    Str: 11    XL:     3   Next: 39%
Magic:  0/7        EV: 12    Int: 16    God:
Gold:   134        SH:  0    Dex: 12    Spells: 2/8 levels left

rFire   x . .      SeeInvis .    i - +0 spear
rCold   + . .      Faith    +    (no shield)
rNeg    + + +      Spirit   .    a - +0 robe
rPois   ∞          Reflect  .    (no helmet)
rElec   .          Harm     .    (no cloak)
rCorr   .          Rampage  .    (no gloves)
Will    .....                    c - +0 pair of boots
Stlth   ++                       (no amulet)
HPRegen 0.24/turn                (no ring)
MPRegen 0.10/turn                (no ring)

@: no status effects
A: cold resistance 1, negative energy resistance 3, torment resistance 2, heat
vulnerability 1, in touch with death 1, no potions, faith
a: no special abilities


You were on level 2 of the Dungeon.
You visited 1 branch of the dungeon, and saw 2 of its levels.

You collected 134 gold pieces.

Inventory:

Hand Weapons
 i - a +0 spear (weapon)
Missiles
 b - 5 poisoned darts
 j - 4 atropa-tipped darts
Armour
 a - a +0 robe (worn)
 c - a +0 pair of boots (worn)
Scrolls
 d - a scroll of enchant armour {unknown}
 e - 3 scrolls of identify {unknown}
 f - 2 scrolls of noise {unknown}
 g - a scroll of magic mapping {unknown}
 h - a scroll of fog {unknown}
 k - a scroll of vulnerability {unknown}
 l - a scroll of poison {unknown}


   Skills:
 - Level 1.5 Dodging
 - Level 1.5 Stealth
 + Level 3.4 Spellcasting
 + Level 1.6 Conjurations
 + Level 0.2 Translocations
 + Level 2.9 Fire Magic


You had 2 spell levels left.
You knew the following spells:

 Your Spells              Type           Power      Damage    Failure   Level
a - Foxfire               Conj/Fire      40%        2x1d6     7%          1
b - Scorch                Fire           24%        2d6       9%          2
c - Kindle Blastsparks    Fire/Tloc/Air  12%        2d11      34%         3

Your spell library contained the following spells:

 Spells                   Type           Power      Damage    Failure   Level
 Inner Flame              Hex/Fire       7%         N/A       28%         3
 Flame Wave               Conj/Fire      10%        2d6       56%         4
 Passage of Golubria      Tloc           3%         N/A       86%         4
 Silence                  Hex/Air        1%         N/A       99%         5
 Lehudib's Crystal Spear  Conj/Erth      2%         10d2      100%        8


Dungeon Overview and Level Annotations

Branches:
Dungeon (2/15)

Altars:
Ashenzari

Shops:
D:2 :

Annotations:
D:2 Terence


Innate Abilities, Weirdness & Mutations

You are immune to poison.
Your flesh is cold resistant. (rC+)
You are immune to negative energy. (rN+++)
You are immune to unholy pain and torment.
You are vulnerable to heat. (rF-)
You are in touch with the powers of death.
You do not drink.
You have a special connection with the divine. (Faith)


Message History

Terence is lightly wounded.
The foxfire hits Terence but does no damage.
Terence is lightly wounded.
You conjure some foxfire!
The foxfire hits Terence but does no damage.
Terence is lightly wounded.
The foxfire hits Terence.
Terence is lightly wounded.
You are out of magic!
You are out of magic!
You are out of magic!
You hit Terence but do no damage.
Terence is lightly wounded.
The foxfire hits Terence.
Terence is moderately wounded.
You barely miss Terence.
Terence is moderately wounded.
Terence hits you with a +1 heavy mace.
You hit Terence.
Terence is heavily wounded.
Terence barely misses you.
You hit Terence but do no damage.
Terence is heavily wounded.
Terence hits you with a +1 heavy mace!
Ouch! That really hurt!
* * * LOW HITPOINT WARNING * * *
You are too injured to fight recklessly!
You are too injured to fight recklessly!
Okay, then.
Okay, then.
You aren't carrying any items that you can evoke.
Unknown command.
Casting: Foxfire (safe; 7% risk of failure)
Confirm with . or Enter, or press ? or * to list all spells.
You conjure some foxfire!
Your foxfire dissipates!
The foxfire hits Terence.
Terence is severely wounded.
Terence attacks as you move away! Terence hits you with a +1 heavy mace.
You die...

.####.##
#.#..##....##...(##....
.###..#
#.#....#.##..#.##..#.##
.##..##
#.##...##.#..##.#..##.#
.##.##
#.##.##....##....##....
.##.#
###.##.#..##.#..##.#..##.
.#..#
#...##..#.##..#.##..#.##.
.#.##
#.#######....##....##....
...# #.#
#..#.##..#.##..#.## ...##
##.# #.@##.#..##.#..##.#
....####..#
###@...##....##....
..#......##
#..##.#..##.#..##.
..####..##
#.#.##..#.##..#.##.
..####...#
###....##....##....
..#....#.#
.#.##..#.##..#.##
..#.####.## . #.#..##
#..##.# ..#.# #..## .
##.... ####.## #...#
##..# .# #. .$ #...


You could see Terence.

Vanquished Creatures
  A worm (D:2)
  A dart slug (D:1)
  8 endoplasms
  4 giant cockroaches
  4 goblins (D:2)
  3 hobgoblins (D:2)
  A quokka (D:2)
  A ball python (D:2)
  3 bats
  2 frilled lizards (D:1)
  A kobold (D:2)
  6 rats
35 creatures vanquished.

Vanquished Creatures (others)
  65 foxfires
65 creatures vanquished.

Grand Total: 100 creatures vanquished

Notes
Turn   | Place    | Note
-------+----------+-------------------------------------------
     0 | D:1      | mopl the Mummy Fire Elementalist began the quest for the
                  | Orb.
     0 | D:1      | Reached XP level 1. HP: 13/13 MP: 4/4
   159 | D:1      | Reached skill level 1 in Conjurations
   230 | D:1      | Reached skill level 3 in Spellcasting
   230 | D:1      | Reached XP level 2. HP: 19/19 MP: 4/6
   760 | D:2      | Found Gionk's Book Emporium.
   774 | D:2      | Learned a level 2 spell: Scorch
   856 | D:2      | Gained mutation: You are in touch with the powers of death.
                  | [Mummy growth]
   856 | D:2      | Reached XP level 3. HP: 24/24 MP: 3/7
   995 | D:2      | Learned a level 3 spell: Kindle Blastsparks
  1087 | D:2      | Found a broken altar of Ashenzari.
  1249 | D:2      | Noticed Terence
  1264 | D:2      | Slain by Terence

Illustrated notes

Levels and vault maps discovered:
D:1:      lightli_arrival_statue_moat, layout_loops_cross
D:2:      layout_rooms, basic_altar, serial_shops, nicolae_shop_statue_plus,
          nicolae_eternal_life, uniq_terence

Skill      XL: |  1 |
---------------+----+-----
Conjurations   | 1 |  1.6
Spellcasting   | 3 |  3.4
Dodging        | |  1.5
Stealth        | |  1.5
Translocations | |  0.2
Fire Magic     | |  2.9

Action                     || total
---------------------------++-------
  Melee: Unarmed           ||    44
         Spear             ||    37
         Punch             ||     1
   Cast: Foxfire           ||    48
   Stab: Sleeping          ||     1
 Armour: Robe              ||    27
  Dodge: Dodged            ||    44

Table legend: (Time is in decaauts)
 A = Elapsed time spent in this place.
 B = Non-inter-level travel time spent in this place.
 C = Inter-level travel time spent in this place.
 D = Time resting spent in this place.
 E = Time spent auto-exploring this place.
 F = Levels seen in this place.
 G = Mean time per level.
                   A        B        C        D        E       F      G
               +--------+--------+--------+--------+--------+-----+--------+
         Total |   1267 |   1240 |     27 |     34 |    901 |   2 |  633.5 |
       Dungeon |   1267 |   1240 |     27 |     34 |    901 |   2 |  633.5 |
               +--------+--------+--------+--------+--------+-----+--------+

Top non-repeatable levels by time:
     D:1: 759 daAuts
     D:2: 508 daAuts
